 Dungeon Crawl Stone Soup version 0.31-a0-232-gb1c03b2570 (webtiles) character file.

Game seed: 13700158591102025160

21 qw the Shooter (level 2, -1/24 HPs)
             Began as a Minotaur Hexslinger on July 7, 2023.
             Slain by a gnoll
             ... wielding a +0 spear
              (8 damage)
             ... on level 2 of the Dungeon.
             The game lasted 00:00:15 (475 turns).

qw the Shooter (Minotaur Hexslinger)                 Turns: 475, Time: 00:00:15

Health: -1/24      AC:  5    Str: 12    XL:     2   Next: 62%
Magic:  2/2        EV: 10    Int: 10    God:
Gold:   45         SH:  0    Dex: 12    Spells: 2/3 levels left

rFire   . . .        Y - +1 sling (heavy)
rCold   . . .        (no shield)
rNeg    . . .        g - +0 ring mail
rPois   .            (helmet restricted)
rElec   .            (no cloak)
rCorr   .            (no gloves)
SInv    .            (no boots)
Will    .....        d - amulet of regeneration
Stlth   +            (no ring)
HPRegen 1.04/turn    (no ring)
MPRegen 0.08/turn

%: no passive effects
@: no status effects
A: horns 2, retaliatory headbutt
a: no special abilities


You were on level 2 of the Dungeon.
You visited 1 branch of the dungeon, and saw 2 of its levels.

You collected 45 gold pieces.


Innate Abilities, Weirdness & Mutations

You have a pair of horns on your head.
You reflexively headbutt those who attack you in melee.


   Skills:
 - Level 2.0 Fighting
 + Level 3.2 Ranged Weapons
 - Level 2.1 Dodging
 - Level 1.0 Spellcasting
 - Level 2.0 Hexes


You had 2 spell levels left.
You knew the following spells:

 Your Spells              Type           Power      Damage    Failure   Level
a - Slow                  Hex            16%        N/A       34%         1

Your spell library contained the following spells:

 Spells                   Type           Power      Damage    Failure   Level
 Inner Flame              Hex/Fire       2%         N/A       83%         3
 Portal Projectile        Hex/Tloc       4%         N/A       83%         3
 Cause Fear               Hex            2%         N/A       98%         4

Inventory:

Hand Weapons
 Y - a +1 heavy sling (weapon)
Armour
 g - a +0 ring mail (worn)
Jewellery
 d - an amulet of regeneration (around neck)
Potions
 e - a potion of attraction {unknown}

Dungeon Overview and Level Annotations

Branches:
Dungeon (2/15)

Altars:


Message History

You shoot a sling bullet. The sling bullet hits the hobgoblin.
The hobgoblin is moderately wounded.
You shoot a sling bullet. The sling bullet hits the hobgoblin!
You kill the hobgoblin!
Found a long sword and a club.
Found a stone staircase leading down.
An endoplasm comes into view.
You shoot a sling bullet. The sling bullet hits the endoplasm!
You kill the endoplasm!
You hear a shout! x2; You hear an angry hiss. 3 gnolls come into view.
Found a hand axe.
The gnoll shouts! x2
A ball python comes into view.
A giant cockroach comes into view.
The gnoll moves out of view.
You shoot a sling bullet.
The sling bullet barely misses the gnoll.
The sling bullet hits the gnoll!
The gnoll is almost dead.
The gnoll hits you with a +0 club.
473 ||| Stepping ~*~*~tactically~*~*~ (outnumbered).
The giant cockroach attacks as you move away!
The giant cockroach closely misses you. The giant cockroach barely misses you.
You shoot a sling bullet.
The sling bullet hits the giant cockroach.
The giant cockroach is almost dead.
The giant cockroach closely misses you. The gnoll completely misses you.
The gnoll hits you from afar with a +0 spear!
The giant cockroach bites you but does no damage.
You shoot a sling bullet.
The sling bullet hits the giant cockroach but does no damage.
The giant cockroach is almost dead.
The gnoll barely misses you. The gnoll hits you but does no damage.
The giant cockroach bites you but does no damage.
The gnoll hits you from afar with a +0 spear.
The giant cockroach bites you but does no damage.
The gnoll hits you with a +0 club!
The gnoll hits you from afar with a +0 spear!
You die...

... #.... .)
.!.....####.#
..#.......#
#.#........#
#.......#.#.
...S.......
####.gg.g#
#...gB# #....@#
.##.....#
........#
###.....####.#
#.......>...#
#.......########
#...............
#.......########
#....)..#


You could see 3 gnolls, a giant cockroach and a ball python.

Vanquished Creatures
  An endoplasm (D:2)
  2 goblins (D:1)
  3 hobgoblins
  3 jackals (D:1)
  3 quokkas
  2 ball pythons (D:1)
  A bat (D:1)
  A frilled lizard (D:1)
  3 rats (D:1)
19 creatures vanquished.

Notes
Turn   | Place    | Note
-------+----------+-------------------------------------------
     0 | D:1      | qw the Minotaur Hexslinger began the quest for the Orb.
     0 | D:1      | Reached XP level 1. HP: 16/16 MP: 1/1
     0 | D:1      | 0 ||| qw: Version: 0.3-a-46-gb1f654a
     0 | D:1      | 0 ||| qw: Game counter: 2859
     0 | D:1      | 0 ||| qw: Melee chars always use a shield: true
     0 | D:1      | 0 ||| qw: God list: Okawaru
     0 | D:1      | 0 ||| qw: Allow faded altars: false
     0 | D:1      | 0 ||| qw: Do Orc after clearing Dungeon:15 true
     0 | D:1      | 0 ||| qw: Do second Lair branch before Depths: true
     0 | D:1      | 0 ||| qw: Lair rune preference: random
     0 | D:1      | 0 ||| qw: Goals: Normal
     0 | D:1      | 0 ||| PLANNING D:1-11
   157 | D:1      | Found a faded altar of an unknown god.
   184 | D:1      | Reached skill level 3 in Ranged Weapons
   209 | D:1      | Reached XP level 2. HP: 23/23 MP: 2/2
   415 | D:1      | 415 ||| UPGRADING to +0 ring mail.
   425 | D:1      | 425 ||| DROPPING +0 robe.
   426 | D:1      | 426 ||| UPGRADING to amulet of regeneration.
   431 | D:1      | 431 ||| READING scroll labelled VAADAEDAME.
   432 | D:1      | 432 ||| READING scroll labelled MIS DAKAGOPHA.
   433 | D:1      | 433 ||| DROPPING scroll of poison.
   473 | D:2      | 473 ||| Stepping ~*~*~tactically~*~*~ (outnumbered).
   475 | D:2      | Slain by a gnoll

Levels and vault maps discovered:
D:1:      ebering_trefoil_3fold, layout_rooms,
          hellmonk_ecumenical_altar_crossroads, minivault_25
D:2:      layout_loops_ring

Skill      XL: |  1  2 |
---------------+-------+-----
Ranged Weapons | 3 |  3.2
Fighting       | 2 |  2.0
Dodging        | |  2.1
Spellcasting   | |  1.0
Hexes          | |  2.0

Action                     || total
---------------------------++-------
   Fire: Sling             ||    51
    Use: Scroll            ||     2
 Armour: Ring mail         ||     7
         Robe              ||     3
  Dodge: Dodged            ||    10

Table legend:
 A = Non-vault XP
 B = Vault XP
 C = Vault XP percentage of total XP
 D = Non-vault monster count
 E = Vault monster count
 F = Vault count percentage of total count
                 A         B        C        D         E       F
            +---------+---------+-------+---------+---------+-------
      Total |      30 |       0 |   0.0 |      19 |       0 |   0.0
            +---------+---------+-------+---------+---------+-------
        D:1 |      24 |       0 |   0.0 |      16 |       0 |   0.0
        D:2 |       6 |       0 |   0.0 |       3 |       0 |   0.0
            +---------+---------+-------+---------+---------+-------
